 Dungeon Crawl Stone Soup version 0.23.2-40-g277498a (webtiles) character file.

Game seed: 13704195301264999930

79 zhovat1 the Sneak (level 4, -1/21 HPs)
             Began as a Spriggan Enchanter on Aug 13, 2019.
             Slain by a gnoll
             ... wielding a +0 halberd
              (6 damage)
             ... on level 2 of the Dungeon.
             The game lasted 00:02:12 (2408 turns).

zhovat1 the Sneak (Spriggan Enchanter)              Turns: 2408, Time: 00:02:12

Health: -1/21      AC:  2    Str:  4    XL:     4   Next: 17%
Magic:  2/9        EV: 18    Int: 16    God:
Gold:   108        SH:  0    Dex: 17    Spells: 3/9 levels left

rFire    . . .     SeeInvis +   a - +1 dagger
rCold    . . .     Gourm    .   (shield restricted)
rNeg     . . .     Faith    .   b - +0 robe
rPois    .         Spirit   .   (helmet restricted)
rElec    .         Reflect  .   (no cloak)
rCorr    .         Harm     .   (gloves unavailable)
MR       .....                  (boots unavailable)
Stlth    +++.......             (no amulet)
HPRegen  0.07/turn              (no ring)
MPRegen  0.11/turn              (no ring)

@: very quick
A: very small, unfitting armour, see invisible, herbivore, speed 3, slow
metabolism 2
a: no special abilities


You were on level 2 of the Dungeon.
You were not hungry.

You visited 1 branch of the dungeon, and saw 2 of its levels.

You collected 108 gold pieces.

Inventory:

Hand Weapons
 a - a +1 dagger (weapon)
Armour
 b - a +0 robe (worn)
Scrolls
 e - a scroll of fear {unknown}
 f - 3 scrolls of enchant armour {unknown}
 g - a scroll of immolation {unknown}
 h - a scroll of teleportation {unknown}
 j - a scroll of blinking {unknown}
 l - 2 scrolls of identify {unknown}
Potions
 c - a potion of curing {unknown}
 i - 2 potions of mutation {unknown}
 k - 3 potions of brilliance {unknown}
 m - a potion of invisibility {unknown}
Comestibles
 d - 3 rations


   Skills:
 * Level 2.6 Short Blades
 - Level 3.0 Dodging
 * Level 5.7 Stealth
 + Level 3.3 Spellcasting
 + Level 4.1 Hexes


You had 3 spell levels left.
You knew the following spells:

 Your Spells              Type           Power        Failure   Level  Hunger
a - Corona                Hex            ###....      3%          1    None
b - Ensorcelled Hibernat  Hex/Ice        #.....       12%         2    ##.....
c - Confuse               Hex            ###.....     10%         3    ###....

Your spell library contained the following spells:

 Spells                   Type           Power        Failure   Level  Hunger
 Tukima's Dance           Hex            ###.....     10%         3    ###....
 Dazzling Spray           Conj/Hex       #.....       24%         3    ###....


Dungeon Overview and Level Annotations

Branches:
Dungeon (2/15)

Altars:


Innate Abilities, Weirdness & Mutations

You are very small and have problems with some larger weapons.
You are too small for most types of armour.
You have supernaturally acute eyesight. (SInv)
You are a herbivore.
You cover ground extremely quickly.
You need to consume almost no food.


Message History

The gnoll looks drowsy...
The gnoll shouts!
You hit the gnoll.
The gnoll is lightly wounded.
The gnoll hits you with a +0 halberd!
* * * LOW HITPOINT WARNING * * *
Casting: Ensorcelled Hibernation (safe; 12% risk of failure)
Confirm with . or Enter, or press ? or * to list all spells.
Aiming: Confuse (safe; 10% risk of failure)
Press: ? - help, Shift-Dir - straight line, f/p - gnoll
Aim: a gnoll, wielding a +0 halberd (lightly wounded, chance to defeat MR: 54%)
The gnoll resists with significant effort.
The gnoll closely misses you.
Casting: Confuse (safe; 10% risk of failure)
Confirm with . or Enter, or press ? or * to list all spells.
You don't have enough magic to cast that spell.
Unknown command.
There is a stone staircase leading up here.
The gnoll hits you from afar with a +0 halberd.
You die...

.# #........# #.# #...... .#
########## #.## #####.# .#
###########..#######.#
.###########..........#.........#
...........#.########.#.#########
##########.#.########.#..# .....#
#.#.#.....)#.#..#
####.#####.#.#.####.#.#..########
................@.g.........g....
####.#####.#.#.##.#.#.#....###...
#.# #รท#.#....#.#.#.#..# #...
####.# #.#.######.#.#....# #...
.....# #..........#.###..# #...
###### ##.#########.# ##.###...
#.# #.####..##### # #.#
#............ # ######+#####
#######(.####


You could see a gnoll.

Vanquished Creatures
  3 adders (D:2)
  2 worms (D:2)
  3 dart slugs
  3 giant cockroaches
  8 goblins
  4 hobgoblins
  3 jackals (D:1)
  A ball python (D:1)
  3 bats
  3 frilled lizards
  3 kobolds
  4 rats
40 creatures vanquished.

Notes
Turn   | Place    | Note
-------+----------+-------------------------------------------
     0 | D:1      | zhovat1 the Spriggan Enchanter began the quest for the Orb.
     0 | D:1      | Reached XP level 1. HP: 9/9 MP: 5/5
   614 | D:1      | Reached XP level 2. HP: 13/13 MP: 6/6
   830 | D:1      | Reached skill level 5 in Stealth
  1498 | D:2      | Reached XP level 3. HP: 16/16 MP: 8/8
  1660 | D:2      | Learned a level 2 spell: Ensorcelled Hibernation
  1664 | D:2      | Learned a level 3 spell: Confuse
  2197 | D:2      | Reached XP level 4. HP: 21/21 MP: 9/9
  2408 | D:2      | Slain by a gnoll

Skill      XL: |  1  2  3 |
---------------+----------+-----
Spellcasting   | 3 |  3.3
Stealth        | 5 |  5.7
Short Blades   | 2 |  2.6
Hexes          | 4 |  4.1
Dodging        | |  3.0

Action                   |  1- 3 |  4- 6 || total
-------------------------+-------+-------++-------
Melee: Dagger            |   131 |    10 ||   141
 Cast: Ensorcelled Hiber |       |     2 ||     2
       Confuse           |       |     1 ||     1
 Stab: Sleeping          |    18 |     2 ||    20
Armor: Robe              |    10 |       ||    10
Dodge: Dodged            |    90 |     5 ||    95
